 Dungeon Crawl Stone Soup version 0.27-a0-1140-g099f9bb0e8 (webtiles) character file.

Game seed: 11806562508191511200

441 pokeman the Magician (level 6, -1/34 HPs)
             Began as a Deep Elf Hedge Wizard on May 9, 2021.
             Was an Initiate of Vehumet.
             Slain by Sigmund
             ... wielding a +0 scythe of protection
              (4 damage)
             ... on level 5 of the Dungeon.
             The game lasted 00:13:31 (5445 turns).

pokeman the Magician (Deep Elf Hedge Wizard)        Turns: 5445, Time: 00:13:31

Health: -1/34      AC:  6    Str:  7    XL:     6   Next: 70%
Magic:  1/18       EV: 12    Int: 27    God:    Vehumet [......]
Gold:   139        SH:  0    Dex: 14    Spells: 8/19 levels left

rFire    . . .     SeeInvis .   a - +0 dagger
rCold    + . .     Faith    .   (no shield)
rNeg     . . .     Spirit   .   q - +3 leather armour
rPois    .         Reflect  .   c - +0 hat
rElec    .         Harm     .   (no cloak)
rCorr    .         Rampage  .   (no gloves)
Will     .....                  (no boots)
Stlth    ++........             (no amulet)
HPRegen  0.11/turn              l - +6 ring of intelligence
MPRegen  0.16/turn              s - ring of protection from cold

@: very slightly contaminated
A: no striking features
a: Renounce Religion


You were on level 5 of the Dungeon.
You worshipped Vehumet.
Vehumet was noncommittal.
You visited 2 branches of the dungeon, and saw 6 of its levels.

You collected 139 gold pieces.

Inventory:

Hand Weapons
 a - a +0 dagger (weapon)
Missiles
 d - 93 arrows
Armour
 c - a +0 hat (worn)
 q - a +3 leather armour (worn)
Jewellery
 l - a +6 ring of intelligence (left hand)
 s - a ring of protection from cold (right hand)
Wands
 r - a wand of polymorph (3)
Scrolls
 b - 3 scrolls of teleportation {unknown}
 e - 4 scrolls of enchant armour {unknown}
 g - a scroll of blinking {unknown}
 j - 2 scrolls of identify {unknown}
 m - a scroll of acquirement {unknown}
 n - a scroll of fear {unknown}
 o - a scroll of vulnerability {unknown}
 p - a scroll of brand weapon {unknown}
 u - a scroll of fog {unknown}
Potions
 f - a potion of lignification
 h - 2 potions of heal wounds {unknown}
 i - a potion of degeneration {unknown}
 k - 2 potions of cancellation {unknown}
 t - 2 potions of mutation {unknown}
 v - a potion of curing


   Skills:
 + Level 1.1 Fighting
 - Level 1.0 Armour
 - Level 3.0 Dodging
 - Level 3.0 Stealth
 * Level 7.3 Spellcasting
 + Level 3.3 Conjurations
 - Level 1.1 Summonings
 - Level 1.1 Translocations
 + Level 1.9 Fire Magic
 - Level 1.0 Air Magic
 - Level 1.0 Poison Magic
 - Level 1.1 Evocations


You had 8 spell levels left.
You knew the following spells:

 Your Spells              Type           Power      Damage    Failure   Level
a - Magic Dart            Conj           100%       1d8       1%          1
b - Mephitic Cloud        Conj/Pois/Air  19%        N/A       12%         3
c - Call Imp              Summ           15%        N/A       8%          2
d - Blink                 Tloc           N/A        N/A       8%          2
e - Conjure Flame         Conj/Fire      24%        6-21      9%          3

Your spell library contained the following spells:

 Spells                   Type           Power      Damage    Failure   Level
 Slow                     Hex            9%         N/A       12%         2


Dungeon Overview and Level Annotations

Branches:
Dungeon (5/15)             Temple (1/1) D:4

Altars:
Ashenzari
Cheibriados
Hepliaklqana
Makhleb
Okawaru
Ru
Sif Muna
Trog
Vehumet
Wu Jian

Shops:
D:1 (   D:2 ?

Annotations:
D:5 Dowan, Duvessa, Sigmund


Message History

a +0 hand axe; a +0 chain mail The orc wizard points at you and mumbles some strange words.
The magic dart hits you.
A hound comes into view.
Sigmund points at himself and mumbles some strange words.
Sigmund flickers and vanishes!
Deactivating autopickup; reactivate with Ctrl-A.
The orc wizard casts a spell at you. The magic dart hits you.
You feel less confused. Dowan hits you with a +0 dagger.
Casting: Mephitic Cloud (quite dangerous; 12% risk of failure)
Confirm with . or Enter, or press ? or * to list all spells.
The spell is quite dangerous to cast (12% risk of failure)!
Continue anyway?
Aiming: Mephitic Cloud (quite dangerous; 12% risk of failure)
Press: ? - help, Shift-Dir - straight line You miscast Mephitic Cloud.
You are very lightly contaminated with residual magic.
Nothing appears to happen.
Dowan casts a spell.
Dowan blinks!
Unknown command.
The hound bites you.
A jackal comes into view.
The hound closely misses you. The hound bites you but does no damage.
Something hits you but does no damage. Dowan hits you but does no damage.
The hound bites you.
A magic dart appears from out of thin air!
The magic dart hits you. Dowan hits you with a +0 dagger.
* * * LOW HITPOINT WARNING * * *
Something hits you but does no damage.
Dowan casts a spell.
Dowan blinks!
The hound barely misses you.
There is a stone staircase leading up here.
The hound misses you. The orc wizard casts a spell at you.
The puff of flame hits you.
* * * LOW HITPOINT WARNING * * *
Something hits you.
You die...

.# # .#. #.# ###.#####
...... #.#.......# #....
#.#.#.###.# #...#
####.#.#.###.# #...#
.........e##.# #...#
#.....@..##.####...####
h.#.###§ho.##............
..........{)...........)e
.#.#.....)##.........>..
#.#.##.).#######...####
#........# #...#
#........# #...#
###.#o##.# #...# #... ..#
#...#


You could see Dowan, a hound and 2 orc wizards.

Vanquished Creatures
  The ghost of jestyr24 the Caller, an amateur MfSu (D:4)
  A jelly (D:5)
  An orc priest (D:3)
  2 iguanas (D:4)
  2 orc wizards (D:3)
  Ijyb (D:5)
  3 adders
  An adder skeleton (D:4)
  A worm (D:3)
  2 dart slugs
  13 orcs
  8 ball pythons
  7 bats
  7 endoplasms
  4 giant cockroaches
  7 goblins
  6 hobgoblins
  8 jackals
  5 quokkas
  4 frilled lizards
  8 kobolds
  7 rats
99 creatures vanquished.

Vanquished Creatures (collateral kills)
  2 adders (D:4)
  A worm (D:2)
  A kobold (D:3)
4 creatures vanquished.

Grand Total: 103 creatures vanquished

Notes
Turn   | Place    | Note
-------+----------+-------------------------------------------
     0 | D:1      | pokeman the Deep Elf Hedge Wizard began the quest for the
                  | Orb.
     0 | D:1      | Reached XP level 1. HP: 10/10 MP: 7/7
   146 | D:1      | Found Neeluex's Weapon Emporium.
   284 | D:1      | Reached XP level 2. HP: 16/16 MP: 5/9
   925 | D:2      | Reached skill level 5 in Spellcasting
  1039 | D:2      | Reached XP level 3. HP: 20/20 MP: 6/11
  1043 | D:2      | Learned a level 3 spell: Mephitic Cloud
  1046 | D:2      | Learned a level 2 spell: Call Imp
  1049 | D:2      | Learned a level 2 spell: Blink
  1053 | D:2      | Learned a level 3 spell: Conjure Flame
  1229 | D:2      | Found Yshut's Magic Scroll Shoppe.
  1667 | D:2      | Reached skill level 1 in Fighting
  1677 | D:2      | Reached skill level 1 in Armour
  2329 | D:3      | Reached XP level 4. HP: 23/25 MP: 8/13
  2465 | D:3      | Reached skill level 1 in Fire Magic
  2727 | D:3      | Reached skill level 6 in Spellcasting
  2727 | D:3      | Reached XP level 5. HP: 4/29 MP: 3/15
  3522 | D:3      | Reached skill level 1 in Air Magic
  3698 | D:4      | Found a runed translucent door.
  3704 | D:4      | Noticed jestyr24's ghost (amateur MfSu)
  3979 | D:4      | Found a staircase to the Ecumenical Temple.
  3998 | Temple   | Entered the Ecumenical Temple
  4076 | Temple   | Became a worshipper of Vehumet
  4296 | D:4      | Found a burning altar of Makhleb.
  4505 | D:4      | Reached skill level 1 in Poison Magic
  4853 | D:4      | Reached XP level 6. HP: 34/34 MP: 11/17
  5179 | D:4      | Killed jestyr24's ghost
  5180 | D:4      | Reached skill level 7 in Spellcasting
  5180 | D:4      | Reached skill level 1 in Evocations
  5226 | D:5      | Entered Level 5 of the Dungeon
  5400 | D:5      | Noticed Ijyb
  5414 | D:5      | Killed Ijyb
  5418 | D:5      | Noticed Duvessa
  5422 | D:5      | Noticed Dowan
  5425 | D:5      | Noticed Sigmund
  5445 | D:5      | Slain by Sigmund

Illustrated notes

Levels and vault maps discovered:
D:1:      wander_arrival_chamber, layout_loops_ring, serial_shops,
          shop_fountains
D:2:      layout_loops_ring, serial_shops, shop
D:3:      minmay_wonky_spiral, layout_rooms
D:4:      layout_loops_cross, general_overflow_altar, minmay_temple_entry_tees,
          ebering_ghost_sewer_d, kennysheep_small_circle
D:5:      layout_loops_cross, lemuel_doored_altar,
          gammafunk_temple_overflow_statue, uniq_pikel, uniq_sigmund, uniq_ijyb,
          uniq_duvessa
Temple:   dpeg_five_rooms_temple

Skill      XL: |  1  2  3  4  5  6 |
---------------+-------------------+-----
Spellcasting   | 5 6 7 |  7.3
Fighting       | 1 |  1.1
Armour         | 1 |  1.0
Conjurations   | 2 3 |  3.3
Fire Magic     | 1 |  1.9
Dodging        | 3 |  3.0
Air Magic      | 1 |  1.0
Stealth        | 3 |  3.0
Poison Magic   | 1 |  1.0
Evocations     | 1 |  1.1
Summonings     | |  1.1
Translocations | |  1.1

Action                   |  1- 3 |  4- 6 || total
-------------------------+-------+-------++-------
Melee: Dagger            |    33 |    19 ||    52
 Cast: Magic Dart        |   112 |   139 ||   251
       Call Imp          |     2 |    14 ||    16
       Mephitic Cloud    |       |     7 ||     7
       Conjure Flame     |       |     6 ||     6
  Use: Potion            |       |     2 ||     2
 Stab: Confused          |       |     3 ||     3
Armor: Leather armour    |    15 |    18 ||    33
       Skin              |       |    12 ||    12
Dodge: Dodged            |    40 |    23 ||    63

Table legend: (Time is in decaauts)
 A = Elapsed time spent in this place.
 B = Non-inter-level travel time spent in this place.
 C = Inter-level travel time spent in this place.
 D = Time resting spent in this place.
 E = Time spent auto-exploring this place.
 F = Levels seen in this place.
 G = Mean time per level.
                   A        B        C        D        E       F      G
               +--------+--------+--------+--------+--------+-----+--------+
         Total |   5445 |   5305 |    140 |    303 |   4192 |   6 |  907.5 |
       Dungeon |   5314 |   5225 |     89 |    303 |   4121 |   5 | 1062.8 |
        Temple |    130 |     79 |     51 |      0 |     71 |   1 |  130.0 |
               +--------+--------+--------+--------+--------+-----+--------+

Top non-repeatable levels by time:
     D:4: 1440 daAuts
     D:3: 1379 daAuts
     D:2: 1353 daAuts
     D:1: 922 daAuts
     D:5: 218 daAuts
  Temple: 130 daAuts
